 Dungeon Crawl Stone Soup version 0.28.0-45-g0d030f2227 (webtiles) character file.

Game seed: 4018794139783963153

69 zeratav the Insei (level 4, -7/29 HPs)
             Began as an Octopode Transmuter on Apr 8, 2022.
             Mangled by Crazy Yiuf
             ... wielding a +3 quarterstaff of chaos
              (14 damage)
             ... on level 2 of the Dungeon.
             The game lasted 00:03:58 (2793 turns).

zeratav the Insei (Octopode Transmuter)             Turns: 2793, Time: 00:03:58

Health: -7/29      AC:  1    Str:  9    XL:     4   Next: 20%
Magic:  6/7        EV: 14    Int: 15    God:
Gold:   68         SH:  0    Dex: 20    Spells: 6/7 levels left

rFire   . . .      SeeInvis .   l - +7 mace of Quick Death {vorpal, Contam Dex+6 Stlth+, mace}
rCold   . . .      Faith    .   (no shield)
rNeg    . . .      Spirit   .   (helmet currently unavailable)
rPois   .          Reflect  .   (no amulet)
rElec   .          Harm     .   (no ring)
rCorr   .          Rampage  .   (no ring)
Will    .....                   (no ring)
Stlth   ++++......              (no ring)
HPRegen 0.09/turn               (no ring)
MPRegen 0.10/turn               (no ring)
                                (no ring)
                                (no ring)

@: appendages
A: tentacle spike 3, almost no armour, amphibious, 8 rings, camouflage 1,
gelatinous body 1, (nimble swimmer 1), tentacles
a: End Transformation


You were on level 2 of the Dungeon.
One of your tentacles had grown a beastly spike.
You visited 1 branch of the dungeon, and saw 2 of its levels.

You collected 68 gold pieces.


Innate Abilities, Weirdness & Mutations

One of your tentacles has grown a beastly spike.
You cannot wear most types of armour.
You are amphibious.
You can wear up to eight rings at the same time.
Your skin changes colour to match your surroundings (Stealth+).
Your rubbery body absorbs attacks. (AC +1, EV +1)
((You are camouflaged when in or above water. (Stealth+)))
You have tentacles for arms and can constrict up to eight enemies at once.


   Skills:
 + Level 1.9 Fighting
 + Level 2.5 Dodging
 + Level 2.1 Stealth
 * Level 3.9 Unarmed Combat
 - Level 2.0 Spellcasting
 - Level 2.0 Transmutations


You had 6 spell levels left.
You knew the following spells:

 Your Spells              Type           Power      Damage    Failure   Level
a - Beastly Appendage     Tmut           14%        N/A       10%         1

Your spell library contained the following spells:

 Spells                   Type           Power      Damage    Failure   Level
 Wereblood                Tmut           7%         N/A       14%         2
 Foxfire                  Conj/Fire      4%         2x1d4     22%         1
 Spider Form              Tmut/Pois      4%         N/A       41%         3
 Ozocubu's Armour         Ice            1%         N/A       54%         3
 Ice Form                 Ice/Tmut       4%         N/A       82%         4
 Ozocubu's Refrigeration  Ice            0%         4d5       100%        7

Inventory:

Hand Weapons
 l - the +7 mace of Quick Death (weapon) {vorpal, Contam Dex+6 Stlth+, mace}
   (You found it on level 2 of the Dungeon)

   It inflicts extra damage upon your enemies.
   Dex:       It affects your dexterity (+6).
   Contam:    It causes magical contamination when unequipped.
   Stlth:     It makes you more stealthy.
Scrolls
 a - a scroll of enchant weapon {unknown}
 b - a scroll of identify {unknown}
 c - 2 scrolls of noise {unknown}
 d - 2 scrolls of vulnerability {unknown}
 f - a scroll of magic mapping {unknown}
 h - a scroll of fog {unknown}
 k - a scroll of teleportation {unknown}
Potions
 e - a potion of flight {unknown}
 g - a potion of heal wounds {unknown}
 i - 2 potions of curing {unknown}
 j - a potion of might {unknown}

Dungeon Overview and Level Annotations

Branches:
Dungeon (2/15)

Altars:
Xom

Shops:
D:2 (

Annotations:
D:2 Crazy Yiuf

#..........#.#
####..P#####....
#..........#.#
##...........
#............#
########...#
#....######### #####
#....# ###....##♣♣♣♣♣
....##.#.P.♣.♣♣♣ ####
.##.##...PP.♣..♣#...#
.##.#......♣♣♣♣.@g..#
.##.#.)#..♣♣ ♣♣#..)#
###.#..##♣♣ #### #
#.##.# # #.##.#
#....# ###### ## #.


You could see Crazy Yiuf.


Message History

Press ? for a list of commands and other information.
Crazy Yiuf shouts!
Crazy Yiuf yells, "Ghoul!"
Crazy Yiuf screams, "Lay hand arga!"
You see here a +0 mace {mace}.
You see here a +0 mace {mace}.
You see here a giant cockroach corpse.
A kobold comes into view. It is wielding a +0 short sword.
One of your tentacles grows a vicious spike.
MP[-1]
You lost 1 mp, and now have 6/7 mp.
The helpless kobold fails to defend itself.
You hit the kobold but do no damage. Your grab misses the kobold.
Your tentacle spike misses the kobold.
The kobold closely misses you.
The kobold hits you with a +0 short sword.
HP[-1]
You take 1 damage, and now have 28/29 hp.
You hit the kobold.
You kill the kobold!
No target in view!
No target in view!
No target in view!
No target in view!
No target in view!
No target in view!
No target in view!
No target in view!
No target in view!
No target in view!
No target in view!
Your tentacle spike disappears.
You open the door.
A kobold comes into view. It is wielding a +0 short sword.
HP[+1] MP[+1]
Your hp is fully restored (29).
Your mp is fully restored (7).
The kobold shouts!
A giant cockroach comes into view.
There is an open door here.
You closely miss the kobold. Your grab misses the kobold.
Your squeeze misses the kobold.
The kobold hits you with a +0 short sword.
You hit the kobold.
You kill the kobold!
The giant cockroach closely misses you.
The giant cockroach bites you but does no damage.
You barely miss the giant cockroach. You grab the giant cockroach.
You squeeze the giant cockroach. You constrict the giant cockroach.
The giant cockroach closely misses you. The giant cockroach barely misses you.
HP[-4]
You take 4 damage, and now have 25/29 hp.
You hit the giant cockroach.
You kill the giant cockroach!
No target in view!
No target in view!
No target in view!
No target in view!
No target in view!
No target in view!
No target in view!
No target in view!
No target in view!
No target in view!
No target in view!
No target in view!
Things that are here:
a +0 short sword {short}; a kobold corpse HP[+4]
Your hp is fully restored (29).
There is an open door here.
There is a stone staircase leading down here.
One of your tentacles grows a vicious spike.
Crazy Yiuf shouts!
MP[-1]
You lost 1 mp, and now have 6/7 mp.
No reachable target in view!
No reachable target in view!
No reachable target in view!
No reachable target in view!
No reachable target in view!
No reachable target in view!
No reachable target in view!
No reachable target in view!
No reachable target in view!
No reachable target in view!
No reachable target in view!
You open the door.
Crazy Yiuf hits you with a +3 quarterstaff of chaos!
You are electrocuted!
* * * LOW HITPOINT WARNING * * *
There is an open translucent door here.
HP[-22]
You take 22 damage, and now have 7/29 hp.
MASSIVE DAMAGE!! (PAUSE)
You barely miss Crazy Yiuf. You grab Crazy Yiuf.
You pierce Crazy Yiuf.
You constrict Crazy Yiuf, but do no damage.
Crazy Yiuf says, "Aardvark!
Goober sing sizzlefizz."
Crazy Yiuf closely misses you.
Crazy Yiuf yells, "Walk!
Shower poople light."
Crazy Yiuf hits you with a +3 quarterstaff of chaos!
You die...

Skill      XL: |  1  2  3 |
---------------+----------+-----
Stealth        | 1 2 |  2.1
Fighting       | |  1.9
Dodging        | |  2.5
Unarmed Combat | |  3.9
Spellcasting   | |  2.0
Transmutations | |  2.0

Action                   |  1- 3 |  4- 6 || total
-------------------------+-------+-------++-------
Melee: Unarmed           |    65 |    10 ||    75
       Constrict         |    22 |     6 ||    28
       Tentacles         |    13 |     3 ||    16
       Kick              |    17 |     5 ||    22
       Punch             |     3 |       ||     3
       Mace              |       |     7 ||     7
 Cast: Beastly Appendage |    27 |     7 ||    34
 Stab: Sleeping          |    11 |     3 ||    14
Armor: Skin              |     3 |     1 ||     4
Dodge: Dodged            |    28 |     8 ||    36

Levels and vault maps discovered:
D:1:      dpeg_arrival_brainrot, layout_loops_corners
D:2:      layout_basic, basic_altar, shapermc_ecumenical_altar_rom_forum,
          serial_shops, nicolae_shop_hallway_stairs, kennysheep_generic_room_14,
          uniq_crazy_yiuf_cottage

Notes
Turn   | Place    | Note
-------+----------+-------------------------------------------
     0 | D:1      | zeratav the Octopode Transmuter began the quest for the
                  | Orb.
     0 | D:1      | Reached XP level 1. HP: 13/13 MP: 3/3
     0 | D:1      | magus.rc [v1.9.6]
   391 | D:1      | Reached XP level 2. HP: 18/18 MP: 3/5
   532 | D:1      | Reached skill level 1 in Stealth
  1187 | D:1      | Reached XP level 3. HP: 21/23 MP: 4/6
  2022 | D:2      | Reached skill level 2 in Stealth
  2074 | D:2      | Reached XP level 4. HP: 24/29 MP: 5/7
  2142 | D:2      | Found a faded altar of an unknown god.
  2150 | D:2      | Got Plato's Guide on Fire
  2256 | D:2      | Found Ycesenis's Weapon Shop.
  2320 | D:2      | Found a shimmering altar of Xom.
  2397 | D:2      | You add the spells Ozocubu's Armour and Ozocubu's
                  | Refrigeration to your library.
  2526 | D:2      | Identified the +7 mace of Quick Death {vorpal, Contam Dex+6
                  | Stlth+}
  2529 | D:2      | magus.rc [v1.9.6]
  2531 | D:2      | Found a runed translucent door.
  2532 | D:2      | Noticed Crazy Yiuf
  2792 | D:2      | HP: 7/29 [Crazy Yiuf/+3 quarterstaff of chaos (13)]
  2793 | D:2      | Mangled by Crazy Yiuf

Vanquished Creatures
  An adder (D:2)
  3 worms
  2 dart slugs (D:1)
  5 ball pythons
  4 endoplasms (D:1)
  4 giant cockroaches
  A goblin (D:2)
  3 hobgoblins
  6 jackals
  2 quokkas (D:1)
  A bat (D:1)
  2 frilled lizards (D:2)
  5 kobolds
  3 rats (D:1)
42 creatures vanquished.

Table legend:
 A = Non-vault XP
 B = Vault XP
 C = Vault XP percentage of total XP
 D = Non-vault monster count
 E = Vault monster count
 F = Vault count percentage of total count
                 A         B        C        D         E       F
            +---------+---------+-------+---------+---------+-------
      Total |      90 |       9 |   9.1 |      39 |       3 |   7.1
            +---------+---------+-------+---------+---------+-------
        D:1 |      48 |       5 |   9.4 |      25 |       1 |   3.8
        D:2 |      42 |       4 |   8.7 |      14 |       2 |  12.5
            +---------+---------+-------+---------+---------+-------

Illustrated notes

Table legend:
 A = Kills in this place as a percentage of kills in entire the game.
 B = Kills by you in this place as a percentage of kills by you in the entire game.
 C = Kills by friends in this place as a percentage of kills by friends in the entire game.
 D = Other kills in this place as a percentage of other kills in the entire game.
 E = Experience gained in this place as a percentage of experience gained in the entire game.
 F = Experience gained in this place divided by the number of levels of this place that you have seen.
                   A       B       C       D       E      F
               +-------+-------+-------+-------+-------+----------------------
         Total | 100.0 | 100.0 |   N/A |   N/A | 100.0 |  49.5
       Dungeon | 100.0 | 100.0 |   N/A |   N/A | 100.0 |  49.5
               +-------+-------+-------+-------+-------+----------------------

Table legend: (Time is in decaauts)
 A = Elapsed time spent in this place.
 B = Non-inter-level travel time spent in this place.
 C = Inter-level travel time spent in this place.
 D = Time resting spent in this place.
 E = Time spent auto-exploring this place.
 F = Levels seen in this place.
 G = Mean time per level.
                   A        B        C        D        E       F      G
               +--------+--------+--------+--------+--------+-----+--------+
         Total |   2790 |   2763 |     27 |      0 |   2476 |   2 | 1395.0 |
       Dungeon |   2790 |   2763 |     27 |      0 |   2476 |   2 | 1395.0 |
               +--------+--------+--------+--------+--------+-----+--------+

Top non-repeatable levels by time:
     D:1: 1723 daAuts
     D:2: 1066 daAuts
